 Dungeon Crawl Stone Soup version 0.31-a0-1074-g0b22e4e0f1 (webtiles) character file.

Game seed: 11866952209606763570

7273 tbh1313 the Cleaver (level 10, -3/65 HPs)
             Began as a Minotaur Berserker on Dec 2, 2023.
             Was a Priest of Trog.
             Collided with a stone wall (11 damage)
             ... caused by a wretched star
             ... on level 2 of the Abyss.
             The game lasted 00:21:53 (9059 turns).

tbh1313 the Cleaver (Minotaur Berserker)            Turns: 9059, Time: 00:21:53

Health: -3/65      AC: 11    Str: 22    XL:     10   Next: 89%
Magic:  7/7        EV:  9    Int:  0    God:    Trog [***...]
Gold:   389        SH:  0    Dex:  6    Spells: 9/9 levels left

rFire   x x .        a - +1 hand axe
rCold   + + .        (no shield)
rNeg    + . .        r - +1 chain mail {rPois}
rPois   +            v - +0 hat {Stlth+}
rElec   .            d - scarf {rC+ rF+}
rCorr   .            p - +0 pair of gloves
SInv    .            o - +0 pair of boots
Will    ++...        (no amulet) Stlth
                     g - ring of protection from cold
HPRegen 1.00/turn    w - ring of positive energy
MPRegen 0.10/turn

%: no passive effects
@: strong-willed, on berserk cooldown, regenerating, slowed, lost intelligence,
unable to read, unable to drink, very slow
A: horns 2, retaliatory headbutt, [clumsy 2], [deformed body], [dopey 2], [frail
3], [low MP 2], [screaming 2], [inhibited regeneration], ([teleportitis 2]),
[weak 2], [heat vulnerability 3], [subdued magic 2], [inability to drink after
injury 2], [inability to read after injury 2]
a: Renounce Religion, Berserk, Trog's Hand


You were on level 2 of the Abyss.
You worshipped Trog.
Trog was most pleased with you.
You visited 1 branch of the dungeon, and saw 9 of its levels.
You visited the Abyss 1 time.

You collected 417 gold pieces.
You spent 28 gold pieces at shops.

Inventory:

Hand Weapons
 a - a +1 hand axe (weapon)
 m - a +0 war axe
 z - a +0 orcbow
Armour
 d - a scarf of resistance (worn)
 o - a +0 pair of boots (worn)
 p - a +0 pair of gloves (worn)
 r - a +1 chain mail of poison resistance (worn)
 v - a +0 hat of stealth (worn)
Jewellery
 g - a ring of protection from cold (left hand)
 u - a +4 ring of protection
 w - a ring of positive energy (right hand)
 y - an amulet of the acrobat
 B - a ring of protection from cold
Wands
 h - a wand of flame (14)
 A - a wand of mindburst (8)
Scrolls
 c - a scroll of blinking
 f - a scroll of fog
 j - a scroll of teleportation
 l - a scroll of enchant weapon
 q - 3 scrolls of identify
 s - a scroll of immolation
 t - a scroll of vulnerability
 x - a scroll of revelation
Potions
 b - a potion of invisibility
 e - 2 potions of attraction
 i - a potion of curing
 k - a potion of magic


   Skills:
 - Level 10.0 Fighting
 - Level 14.1 Axes
 - Level 10.0 Armour
 + Level 5.8 Dodging


You had 9 spell levels left.
You didn't know any spells.
Your spell library contained the following spells:

 Spells                   Type           Power      Damage    Failure   Level
 Hailstorm                Conj/Ice       0%         3d3       100%        3
 Summon Ice Beast         Ice/Summ       0%         N/A       100%        4
 Simulacrum               Ice/Necr       0%         N/A       100%        6


Dungeon Overview and Level Annotations

Branches:
Dungeon (9/15)             Temple (0/1) D:6             Orc (0/2) D:9
   Lair: D:8-11

Altars:
Dithmenos
Elyvilon
Gozag
Hepliaklqana
Kikubaaqudgha
Makhleb
Qazlal
Sif Muna
Vehumet
Yredelemnul
Zin

Shops:
D:2 ?

Annotations:
D:9 Psyche


Innate Abilities, Weirdness & Mutations

You have a pair of horns on your head.
You reflexively headbutt those who attack you in melee.
[You are very clumsy. (Dex -4)]
[Armour fits poorly on your strangely shaped body.]
[You are very dopey. (Int -4)]
[You are extremely frail. (-30% HP)]
[Your magical capacity is very low. (-20% MP)]
[You frequently scream uncontrollably at your foes.]
[You do not regenerate when monsters are visible.]
[((You are often teleported next to monsters.))]
[You are very weak. (Str -4)]
[You are extremely vulnerable to heat. (rF---)]
[Your spells are easier to cast, but less powerful.]
[You sometimes lose the ability to drink potions when taking damage.]
[You sometimes lose the ability to read scrolls when taking damage.]


Message History

The wretched star is severely damaged.
You hit the wretched star but do no damage.
The wretched star is severely damaged.
You completely miss the wretched star.
The wretched star is severely damaged.
The wretched star pulses with an eldritch light!
You feel stupid. x2
You have lost your intelligence.
The wretched star glows turbulently.
The lance of force misses you.
The wretched star glows turbulently.
The lance of force hits you!
* * * LOW HITPOINT WARNING * * *
You feel threatened and lose the ability to drink potions!
You are knocked back by the lance of force.
You slam into the stone wall!
* * * LOW HITPOINT WARNING * * *
You can move again.
Unknown command.
You cannot drink potions in your current state!
You're wearing all the rings you can.
Remove which one? (? for menu, Esc to cancel) < or
g - a ring of protection from cold; > or
u - a +4 ring of protection You remove your +4 ring of protection.
w - a ring of positive energy (right hand)
Your skin crawls.
You feel strong-willed.
The wretched star pulses with an eldritch light!
You feel frail.
Aiming: Throw Flame
Press: ? - help, Shift-Dir - straight line, f - wretched star
Aim: a wretched star (severely damaged, 68% to hit)
The puff of flame hits the wretched star but does no damage.
The wretched star is severely damaged.
The wretched star glows turbulently.
The lance of force hits you.
* * * LOW HITPOINT WARNING * * *
You are knocked back by the lance of force.
You slam into the stone wall!
You die...

.##. #.. . .
.##. # ..#. .
. ... . ##.#
#.. # .##
#.#....#
.#.... . .#
#.#.##. .# # .
#....##. .# .
..##.###*..#.
...# #
#.....@...##..
#....##....#
.... ##.
#..###.##. #
..... ...#. #
#.### ##.. .
.# #.# #. .. #


You could see a wretched star.

Levels and vault maps discovered:
D:1:      mrwooster_arrival_statue_2, layout_basic, serial_bayou,
          serial_bayou_lagoon_a, serial_bayou_ford_a, serial_bayou_crossing,
          serial_bayou_pond_e, grunt_decor_arrowhead
D:2:      layout_basic, serial_shops, nicolae_shop_rolled_up,
          uniq_crazy_yiuf_cottage
D:3:      layout_basic, general_overflow_altar,
          nicolae_overflow_hallway_of_the_gods
D:4:      layout_cave_pods
D:5:      layout_gridville, mainiacjoe_overflow_six_doors_small, serial_demonic,
          serial_demonic_a, serial_demonic_e, serial_demonic_e,
          serial_demonic_f, serial_demonic_d, serial_demonic_e,
          serial_demonic_g, serial_demonic_c, serial_demonic_e,
          serial_demonic_g, kennysheep_generic_room_3, uniq_prince_ribbit1,
          uniq_blork_the_orc
D:6:      layout_basic, nicolae_vehumet_radiance, minmay_temple_entry_waves,
          uniq_duvessa
D:7:      layout_loops_corners, makhleb_blood_cavern_becter, serial_aquarium,
          aquarium_bridge_island_small [aquarium_subvault_small_open,
          aquarium_subvault_balcony, aquarium_subvault_bridge,
          aquarium_subvault_bridge, aquarium_subvault_bridge],
          aquarium_bridge_straight [aquarium_subvault_bridge,
          aquarium_subvault_wall, aquarium_subvault_bridge,
          aquarium_subvault_window], aquarium_window_1,
          aquarium_window_corridor_1, aquarium_window_2, aquarium_view_2a,
          aquarium_balcony_5b, kennysheep_small_spiral
D:8:      layout_basic, mainiacjoe_overflow_24_doors, overflow_temple_1_default,
          uniq_joseph, uniq_grum, uniq_gastronok, uniq_jeremiah, uniq_erica
D:9:      regret_index_infernal_bastille, layout_rooms, tso_oasis_becter,
          erik_lair_orcish_takeover, david_orc_5, nicolae_lava_and_water,
          uniq_psyche, uniq_maurice, uniq_amaemon
Abyss:2:  base:
D:6

Notes
Turn   | Place    | Note
-------+----------+-------------------------------------------
     0 | D:1      | tbh1313 the Minotaur Berserker began the quest for the Orb.
     0 | D:1      | Reached XP level 1. HP: 19/19 MP: 0/0
    34 | D:1      | Reached skill level 4 in Axes
    76 | D:1      | Reached XP level 2. HP: 21/26 MP: 1/1
   324 | D:1      | Reached ** piety under Trog
   550 | D:1      | Reached skill level 5 in Axes
   884 | D:2      | Reached XP level 3. HP: 28/31 MP: 2/2
  1281 | D:2      | Found a runed translucent door.
  1282 | D:2      | Noticed Crazy Yiuf
  1338 | D:2      | Killed Crazy Yiuf
  1339 | D:2      | Reached skill level 6 in Axes
  1339 | D:2      | Reached XP level 4. HP: 39/39 MP: 3/3
  1609 | D:2      | Found Uhakh's Magic Scroll Boutique.
  1612 | D:2      | Bought a scroll of identify for 28 gold pieces
  2130 | D:3      | Found an opulent altar of Gozag.
  2136 | D:3      | Found a glowing silver altar of Zin.
  2139 | D:3      | Found an ancient bone altar of Kikubaaqudgha.
  2139 | D:3      | Found a white marble altar of Elyvilon.
  2146 | D:3      | Found a stormy altar of Qazlal.
  2341 | D:3      | Found a hazy altar of Hepliaklqana.
  2592 | D:4      | Reached XP level 5. HP: 40/45 MP: 4/4
  2646 | D:4      | Reached skill level 7 in Axes
  2832 | D:4      | Reached skill level 8 in Axes
  2890 | D:4      | Noticed a phantom
  2901 | D:4      | Killed a phantom
  2902 | D:4      | Reached XP level 6. HP: 43/51 MP: 5/5
  2952 | D:4      | HP: 7/76 [poisoned by a scorpion]
  2954 | D:4      | HP: 3/51 [poisoned by a scorpion]
  3315 | D:4      | Reached skill level 9 in Axes
  3547 | D:4      | Reached *** piety under Trog
  3558 | D:4      | Reached XP level 7. HP: 40/57 MP: 6/6
  3697 | D:5      | Entered Level 5 of the Dungeon
  3771 | D:5      | Noticed Prince Ribbit
  3777 | D:5      | Killed Prince Ribbit
  3778 | D:5      | Reached skill level 10 in Axes
  4048 | D:5      | Noticed Blork the orc
  4050 | D:5      | Found a basalt altar of Yredelemnul.
  4062 | D:5      | Killed Blork the orc
  4063 | D:5      | Reached skill level 11 in Axes
  4325 | D:5      | Reached XP level 8. HP: 64/64 MP: 7/7
  4344 | D:5      | HP: 6/96 [orc warrior/+0 flail (8)]
  4346 | D:5      | Reached skill level 12 in Axes
  4892 | D:5      | Reached skill level 13 in Axes
  5212 | D:5      | Reached **** piety under Trog
  5580 | D:6      | Found a radiant altar of Vehumet.
  5690 | D:6      | Noticed Dowan
  5692 | D:6      | Noticed Duvessa
  5705 | D:6      | Killed Duvessa
  5706 | D:6      | Reached skill level 14 in Axes
  5707 | D:6      | Killed Dowan
  5813 | D:6      | Found a staircase to the Ecumenical Temple.
  5971 | D:6      | Reached XP level 9. HP: 72/72 MP: 8/8
  6555 | D:7      | Identified the +10 mace "Caur Losk" {elec, Dex+3}
  6665 | D:7      | Reached skill level 5 in Fighting
  7168 | D:7      | Found a burning altar of Makhleb.
  7346 | D:8      | Found a shadowy altar of Dithmenos.
  7419 | D:8      | Noticed Gastronok
  7423 | D:8      | Noticed Erica
  7439 | D:8      | Killed Gastronok
  7440 | D:8      | Reached skill level 10 in Fighting
  7440 | D:8      | Killed Erica
  7441 | D:8      | Reached XP level 10. HP: 40/93 MP: 9/9
  7690 | D:8      | Noticed Jeremiah
  7704 | D:8      | Killed Jeremiah
  8147 | D:8      | Noticed Joseph
  8153 | D:8      | Found a shimmering blue altar of Sif Muna.
  8166 | D:8      | Killed Joseph
  8260 | D:8      | Noticed Grum
  8273 | D:8      | Killed Grum
  8576 | D:9      | Noticed Maurice
  8588 | D:9      | Killed Maurice
  8589 | D:9      | Reached skill level 10 in Armour
  8642 | D:9      | Found a staircase to the Orcish Mines.
  8652 | D:9      | Reached skill level 5 in Dodging
  8923 | D:9      | Noticed Psyche
  8928 | Abyss:1  | Cast into level 1 of the Abyss (Psyche)
  8975 | Abyss:1  | Noticed a sixfirhy
  8995 | Abyss:2  | Noticed a wretched star
  9052 | Abyss:2  | Lost intelligence.
  9059 | Abyss:2  | Collided with a stone wall

Table legend: (Time is in decaauts)
 A = Elapsed time spent in this place.
 B = Non-inter-level travel time spent in this place.
 C = Inter-level travel time spent in this place.
 D = Time resting spent in this place.
 E = Time spent auto-exploring this place.
 F = Levels seen in this place.
 G = Mean time per level.
                   A        B        C        D        E       F      G
               +--------+--------+--------+--------+--------+-----+--------+
         Total |   9036 |   8699 |    337 |   2163 |   5266 |  11 |  821.5 |
       Dungeon |   8901 |   8564 |    337 |   2108 |   5264 |   9 |  989.0 |
         Abyss |    135 |    135 |      0 |     55 |      2 |   2 |   67.5 |
               +--------+--------+--------+--------+--------+-----+--------+

Top non-repeatable levels by time:
     D:5: 1732 daAuts
     D:8: 1354 daAuts
     D:7: 1228 daAuts
     D:4: 1134 daAuts
     D:2: 1007 daAuts
     D:1: 855 daAuts
     D:3: 750 daAuts
     D:6: 635 daAuts
     D:9: 202 daAuts
 Abyss:2: 77 daAuts
 Abyss:1: 57 daAuts

Table legend:
 A = Kills in this place as a percentage of kills in the entire game.
 B = Kills by you in this place as a percentage of kills by you in the entire game.
 C = Kills by friends in this place as a percentage of kills by friends in the entire game.
 D = Other kills in this place as a percentage of other kills in the entire game.
 E = Experience gained in this place as a percentage of experience gained in the entire game.
 F = Experience gained in this place divided by the number of levels of this place that you have seen.
                   A       B       C       D       E      F
               +-------+-------+-------+-------+-------+----------------------
         Total | 100.0 | 100.0 |   N/A |   N/A | 100.0 | 944.5
       Dungeon |  99.0 |  99.0 |   N/A |   N/A |  95.7 | 1104.7
         Abyss |   1.0 |   1.0 |   N/A |   N/A |   4.3 | 224.0
               +-------+-------+-------+-------+-------+----------------------

Action                     |  1- 3 |  4- 6 |  7- 9 | 10-12 || total
---------------------------+-------+-------+-------+-------++-------
  Melee: Hand axe          |    88 |   116 |   329 |   152 ||   685
         Headbutt          |    11 |    19 |    78 |    33 ||   141
         Punch             |       |     2 |     3 |     2 ||     7
 Invoke: Berserk           |     1 |     3 |     6 |     6 ||    16
         Trog's Hand       |       |       |     2 |     4 ||     6
         Brothers in Arms  |       |       |       |     1 ||     1
  Evoke: Wand              |       |       |       |     1 ||     1
    Use: Scroll            |     4 |     2 |     9 |       ||    15
         Potion            |       |       |     2 |     1 ||     3
 Armour: Animal skin       |    29 |       |       |       ||    29
         Ring mail         |    22 |    66 |   122 |       ||   210
         Chain mail        |       |       |    46 |   141 ||   187
         Skin              |       |       |       |     2 ||     2
  Dodge: Dodged            |    37 |    47 |   118 |    51 ||   253

Vanquished Creatures
  Gastronok (D:8)
  Erica (D:8)
  Maurice (D:9)
  Joseph (D:8)
  Jeremiah (D:8)
  An ancient zyme (Abyss:1)
  A hornet (D:8)
  A troll (D:9)
  Prince Ribbit (D:5)
  A wyvern (D:9)
  Grum (D:8)
  A steam dragon (D:5)
  An acid dragon (D:7)
  A water moccasin (D:9)
  Duvessa (D:6)
  2 ice beasts
  An orc warrior (D:5)
  A small abomination (Abyss:2)
  3 wolves (D:8)
  2 phantoms
  A centaur (D:8)
  A kobold brigand (D:6)
  Blork the orc (D:5)
  3 bullfrogs
  4 scorpions
  7 wights (D:8)
  Dowan (D:6)
  5 howler monkeys
  An electric eel (D:9)
  4 jellies
  Crazy Yiuf (D:2)
  A gnoll bouda (D:8)
  3 hounds
  3 orc priests
  5 iguanas
  7 orc wizards
  7 gnolls
  7 adders
  5 shadow imps (D:5)
  10 white imps (D:5)
  7 ufetubi
  2 worms (D:2)
  A dart slug (D:3)
  24 orcs
  7 ball pythons
  7 bats
  6 endoplasms
  4 giant cockroaches
  A goblin (D:1)
  12 hobgoblins
  2 jackals (D:5)
  13 kobolds
  6 quokkas
  4 frilled lizards
  13 rats
210 creatures vanquished.
